 Dungeon Sprint DCSS version 0.15-a0-2099-gfb1bfb9 (webtiles) character file.

2 N00bl0rd the Shield-Bearer (level 1, -7/18 HPs)
             Began as a Formicid Fighter on July 14, 2014.
             Was an Initiate of Makhleb.
             Mangled by a swamp drake (9 damage)
             ... in the Dungeon (Sprint V: "Ziggurat Sprint").
             The game lasted 00:01:19 (112 turns).

N00bl0rd the Shield-Bearer (Formicid Fighter)        Turns: 112, Time: 00:01:20

HP  -7/18        AC 26     Str 32      XL: 1   Next: 33%
MP   1/1         EV  0     Int  7      God: Makhleb [......]
Gold 0           SH  0     Dex 10      Spells:  0 memorised,  0 levels left

rFire  + . .     SeeInvis +     a - +14 plutonium sword {Contam Stlth-}
rCold  + . .     Clarity  .     c - +15 Maxwell's patent armour {rC+ rF+, -Cast -Tele MR+}
rNeg   + . .     rCorr    .     B - +18 shield of the gong {rElec rN+ MR+ EV-5}
rPois  .         rRot     .     (helmet unavailable)
rElec  +         Spirit   .     (no cloak)
SustAb .         Warding  .     (no gloves)
rMut   .         Stasis   +     (no boots)
Gourm  .         NoCast   +     (no amulet)
MR     ++...                    G - +6 ring of strength
                                F - +6 ring of strength

@: confused, very resistant to hostile enchantments, extremely unstealthy
A: permanent stasis, dig shafts and tunnels, four strong arms, antennae 3
a: Dig, Renounce Religion


You were in the Dungeon.
You worshipped Makhleb.
Makhleb was noncommittal.
You were not hungry.

You visited 1 branch

Inventory:

Hand weapons
 a - the +14 plutonium sword (weapon) {Contam Stlth-}
   (You found it in the Dungeon)

   It causes magical contamination when unequipped.
   It makes you less stealthy.
 b - the cursed +14 obsidian axe {chop, +Fly Str+3 SInv Curse}
   (You found it in the Dungeon)

   It inflicts extra damage upon your enemies.
   It affects your strength (+3).
   It enhances your eyesight.
   It lets you fly.
   It may recurse itself when equipped.
   It has a curse placed upon it.
Armour
 c - the cursed +15 Maxwell's patent armour (worn) {rC+ rF+, -Cast -Tele MR+}
   (You found it in the Dungeon)

   It affects your resistance to hostile enchantments.
   It prevents spellcasting.
   It prevents most forms of teleportation.
   It has a curse placed upon it.
 B - the +18 shield of the gong (worn) {rElec rN+ MR+ EV-5}
   (You found it in the Dungeon)

   It affects your evasion (-5).
   It insulates you from electricity.
   It protects you from negative energy.
   It affects your resistance to hostile enchantments.
Magical devices
 x - a wand of disintegration (7)
 y - a wand of fire (5)
 z - a wand of cold (5)
 A - a wand of draining (5)
Comestibles
 d - 5 bread rations
 v - 42 fruits
 w - 4 meat rations
Scrolls
 o - 4 scrolls of amnesia
 p - 3 scrolls of recharging
 q - 7 scrolls of fog
 r - a scroll of holy word
 s - 5 scrolls of identify
 t - 5 scrolls of remove curse
 u - 2 scrolls of fear
Jewellery
 F - a +6 ring of strength (left hand)
 G - a +6 ring of strength (right hand)
Potions
 e - 6 potions of might
 f - 10 potions of curing
 g - 10 potions of heal wounds
 h - 2 potions of brilliance
 i - 7 potions of magic
 j - 2 potions of invisibility
 k - 2 potions of restore abilities
 l - 4 potions of resistance
 m - a potion of experience
 n - 5 potions of agility


   Skills:
 + Level 3.5 Fighting
 * Level 2.3 Long Blades
 + Level 3.4 Armour
 * Level 0.6 Dodging
 + Level 3.8 Shields
 + Level 0.2 Invocations


You couldn't memorise any spells.
You didn't know any spells.

Dungeon Overview and Level Annotations

Branches:
Dungeon (1/1)

Altars:
Ashenzari
Cheibriados
Dithmenos
Elyvilon
Fedhas
Gozag
Kikubaaqudgha
Makhleb
Nemelex Xobeh
Okawaru
Qazlal
Sif Muna
Trog
Vehumet
Xom
Yredelemnul
Zin
The Shining One
Beogh
Jiyva
Lugonu


Innate Abilities, Weirdness & Mutations

Your are under a permanent stasis effect.
You can dig through walls and to a lower floor.
Your four strong arms can wield two-handed weapons with a shield.
You have a pair of large antennae on your head (SInv).


Message History

The blast of flame hits you! You resist.
* * * LOW HITPOINT WARNING * * *
You block the swamp drake's attack.
BONNNG!
The swamp drake breathes noxious fumes at you.
The noxious blast hits you! You block the fire drake's attack.
GONNNNG!
The swamp drake bites you.
* * * LOW HITPOINT WARNING * * *
You block the swamp drake's attack.
GONNNNG!
Unknown command.
You slash the swamp drake!
The swamp drake is moderately wounded.
You are engulfed in noxious fumes.
You choke on the stench!
You are confused.
The fire drake bites you but does no damage.
The swamp drake bites you!
Ouch! That really hurt!
You die...

▓▓▓▓▓▓▓▓▓▓▓▓▓
▓.8©8.▓.8©8.▓
{
▓.|}:.▓.....▓
▓.....▓.).|.▓
▓.kkk.▓.....▓
▓..@..▓.....▓
▓.§§§.▓.....▓
▓§§§§.▓▓▓▓▓▓▓
▓▓▓▓▓▓▓ { {{{
{ {


You could see a fire drake and 2 swamp drakes.

Vanquished Creatures
  A giant mite zombie (D)
  A kobold zombie (D)
2 creatures vanquished.

Vanquished Creatures (others)
  Jessica (D)
1 creature vanquished.

Grand Total: 3 creatures vanquished

Notes
Turn   | Place    | Note
--------------------------------------------------------------
     0 | D        | N00bl0rd, the Formicid Fighter, began the quest for the Orb.
     0 | D        | Reached XP level 1. HP: 18/18 MP: 1/1
     0 | D        | Found a roughly hewn altar of Beogh.
     0 | D        | Found an ancient bone altar of Kikubaaqudgha.
     2 | D        | Found a corrupted altar of Lugonu.
     2 | D        | Found a white marble altar of Elyvilon.
     2 | D        | Found a burning altar of Makhleb.
     2 | D        | Found an iron altar of Okawaru.
     2 | D        | Killed Jessica
     4 | D        | Found a sparkling altar of Nemelex Xobeh.
     4 | D        | Found a basalt altar of Yredelemnul.
     4 | D        | Found a deep blue altar of Sif Muna.
     4 | D        | Found a radiant altar of Vehumet.
    13 | D        | Found a bloodstained altar of Trog.
    88 | D        | Found a shimmering altar of Xom.
    92 | D        | Became a worshipper of Makhleb the Destroyer
    95 | D        | Entered arena 1.
   105 | D        | Entered arena 2.
   105 | D        | Noticed a swamp drake
   105 | D        | Noticed a swamp drake
   105 | D        | Noticed a fire drake
   112 | D        | Mangled by a swamp drake

Action                   || total
-------------------------++-------
Melee: Claymore          ||     7
